 Dungeon Crawl Stone Soup version 0.18-a0-1481-g708b138 (webtiles) character file.

24 Duffy the Conjurer (level 2, 0/15 HPs)
             Began as a Deep Elf Conjurer on Mar 3, 2016.
             Slain by Ijyb
             ... wielding a +0 dagger
              (4 damage)
             ... on level 2 of the Dungeon.
             The game lasted 00:01:12 (1414 turns).

Duffy the Conjurer (Deep Elf Conjurer)              Turns: 1414, Time: 00:01:12

Health: 0/15       AC:  2    Str:  5    XL:     2   Next: 79%
Magic:  0/8        EV: 13    Int: 19    God:
Gold:   63         SH:  0    Dex: 15    Spells: 2 memorised, 5 levels left

rFire  . . .     SeeInvis .     (no weapon)
rCold  . . .     Gourm    .     a - +0 robe
rNeg   . . .     Faith    .     (no shield)
rPois  .         Spirit   .     (no helmet)
rElec  .         Dismiss  .     (no cloak)
rCorr  .         Reflect  .     (no gloves)
SustAt .         Harm     .     (no boots)
MR     .....                    (no amulet)
Stlth  ++........               (no ring)
                                (no ring)

@: not resistant to hostile enchantments, unstealthy
A: no striking features
a: no special abilities


You were on level 2 of the Dungeon.
You were not hungry.

You visited 1 branch of the dungeon, and saw 2 of its levels.

You collected 63 gold pieces.


   Skills:
 - Level 2.4 Dodging
 - Level 2.4 Stealth
 + Level 3.9 Spellcasting
 + Level 4.9 Conjurations


You had 5 spell levels left.
You knew the following spells:

 Your Spells              Type           Power        Failure   Level  Hunger
a - Magic Dart            Conj           ###.         1%          1    None
s - Searing Ray           Conj           ###...       3%          2    ##.....

Inventory:

Missiles
 h - 10 poisoned needles
Armour
 a - a +0 robe (worn)
Scrolls
 g - a scroll of teleportation {unknown}
 i - a scroll of recharging {unknown}
Potions
 d - a potion of curing
 e - 2 potions of cure mutation {unknown}
 f - a potion of degeneration {unknown}
Books
 b - a book of Conjurations
Comestibles
 c - a bread ration

Dungeon Overview and Level Annotations

Branches:
Dungeon (2/15)

Altars:

Annotations:
D:2 Ijyb


Message History

Ijyb drinks a potion.
Ijyb is healed!
Cast which spell? (? or * to list)
You don't have enough magic to cast that spell.
Unknown command.
There is a stone staircase leading down here.
Ijyb hits you with a dagger.
You see here a rat corpse.
You butcher the rat corpse.
Ijyb hits you but does no damage.
You see here a chunk of flesh.
Eat a chunk of flesh? (ye/n/q/i?) This raw flesh tastes terrible.
Ijyb barely misses you.
You continue eating.
Ijyb hits you with a dagger.
You continue eating.
Ijyb hits you with a dagger. Ijyb closely misses you.
You see here a scroll labeled LIONKU HYINLIA.
i - a scroll labeled LIONKU HYINLIA Ijyb hits you but does no damage.
Ijyb hits you with a dagger. Ijyb hits you but does no damage.
Cast which spell? (? or * to list)
Aiming: Searing Ray
Press: ? - help, Shift-Dir - straight line, f/p - Ijyb
Aim: Ijyb, wielding a dagger and wearing a leather armour (moderately wounded)
The searing ray hits Ijyb.
Ijyb is moderately wounded.
Ijyb hits you with a dagger.
The searing ray misses Ijyb.
Ijyb hits you but does no damage.
The searing ray hits Ijyb.
Ijyb is heavily wounded.
Ijyb hits you with a dagger.
Without enough magic to sustain it, your searing ray dissipates.
Ijyb hits you with a dagger.
You die...

...............## ##(#
##..............###..#
########...#####.#...###
# #......#
#..>....#####.# #
#....#.# #.##..........#
# #....#.#
#.##.##>####### #
#.....#.# #.##........#
#.....#.###g#####.###.#
#..........@...##.#
...##.###.##...>...# ...
#.#.....[##.####
..##.#.#.##.##.#
.........##.##.#
...(...#......[#
#.##.###.##.##.# ...
#.##.##.# ### #.##.##.#


You could see Ijyb.

Action                   || total
-------------------------++-------
 Cast: Magic Dart        ||    34
       Searing Ray       ||     2
  Eat: Chunk             ||     1

Notes
Turn   | Place    | Note
--------------------------------------------------------------
     0 | D:1      | Duffy the Deep Elf Conjurer began the quest for the Orb.
     0 | D:1      | Reached XP level 1. HP: 10/10 MP: 6/6
   474 | D:1      | Reached XP level 2. HP: 13/15 MP: 1/8
   642 | D:1      | Learned a level 2 spell: Searing Ray
  1369 | D:2      | Noticed Ijyb
  1414 | D:2      | Slain by Ijyb

Vault maps used:
D:1:      ncdulo_lavacross
D:2:      nemelex_spade_bored_becter, uniq_iyjb

Vanquished Creatures
  2 dart slugs
  3 hobgoblins
  4 jackals
  2 kobolds
  A ball python
  A bat
  2 giant newts
  2 goblins
  2 rats
19 creatures vanquished.
